 Dungeon Crawl Stone Soup version 0.18-a0-1088-g34ef3a2 (webtiles) character file.

28 Ijustatesigmund the Skirmisher (level 3, 29/29 HPs)
             Began as a Demonspawn Abyssal Knight on Jan 15, 2016.
             Was a Follower of Lugonu.
             Quit the game on level 1 of the Dungeon.
             The game lasted 00:02:21 (698 turns).

Ijustatesigmund the Skirmisher (DsAK)                Turns: 698, Time: 00:02:21

Health: 29/29      AC:  4    Str: 12    XL:     3   Next: 0%
Magic:  5/5        EV: 11    Int: 13    God:    Lugonu [*.....]
Gold:   57         SH:  0    Dex: 13    Spells: 0 memorised, 2 levels left

rFire  . . .     SeeInvis .     a - +1 mace
rCold  . . .     Gourm    .     b - +0 leather armour
rNeg   . . .     Faith    +     (no shield)
rPois  .         Spirit   .     (helmet restricted)
rElec  .         Dismiss  .     (no cloak)
rCorr  .         Reflect  .     (no gloves)
SustAt .         Harm     .     (no boots)
MR     .....                    i - amulet of faith
Stlth  +.........               (no ring)
                                (no ring)

@: not resistant to hostile enchantments, very unstealthy
A: horns 1, molten scales 1
a: Depart the Abyss, Renounce Religion


You were on level 1 of the Dungeon.
You worshipped Lugonu.
Lugonu was aware of your devotion.
You were not hungry.

You visited 1 branch of the dungeon, and saw 1 of its levels.
You visited the Abyss 1 time.

You collected 57 gold pieces.

Inventory:

Hand Weapons
 a - a +1 mace (weapon)
Armour
 b - a +0 leather armour (worn)
Jewellery
 i - an amulet of faith (around neck)
Scrolls
 e - a scroll of identify {unknown}
 g - a scroll of enchant weapon {unknown}
 h - a scroll of enchant armour {unknown}
 k - a scroll of blinking {unknown}
Potions
 d - a potion of cancellation {unknown}
 j - 2 potions of curing {unknown}
Comestibles
 c - 2 bread rations
 f - 2 fruits


   Skills:
 + Level 3.3 Fighting
 * Level 2.6 Maces & Flails
 - Level 1.7 Armour
 - Level 0.8 Dodging
 + Level 2.9 Invocations


You had 2 spell levels left.
You didn't know any spells.

Dungeon Overview and Level Annotations

Branches:
Dungeon (1/15)

Altars:


Innate Abilities, Weirdness & Mutations

You have a pair of small horns on your head.
You are partially covered in molten scales (AC +1).


Message History

The kobold throws a stone.
The stone misses you.
You see here a stone.
The kobold closely misses you.
You barely miss the kobold. The kobold hits you but does no damage.
You hit the kobold.
You kill the kobold!
Lugonu accepts your kill.
You have reached level 3!
Your experience leads to an increase in your attributes!
Increase (S)trength, (I)ntelligence, or (D)exterity?
You feel agile.
Your demonic ancestry asserts itself...
A pair of horns grows on your head!
Things that are here:
a stone; a kobold corpse You see here a stone.
You see here a hobgoblin corpse.
j - 2 fuming purple potions (gained 1)
You now have 57 gold pieces (gained 15).
You see here 7 needles of confusion.
Are you sure you want to abandon this character and quit the game? (Confirm with "yes".)

.# #....#
###...............#.
^###.####
#...................
.#...#.####
#...############....
.#.###....# #...#
#..#. .#.# #.##.#
#...# #..#.
##.###.##.# #...#
#..#. #.....##.#
#...# #...÷
########.# #...#
#########.#.. #.#
#..@# #............
#.# #####
#.######.###. #.#
#.# #.#... #.# #.#
#.##.. #.# #.#
#.##.. #.# #.#
#.....
#.###########.#
###...
#......†......#
###...
###############
#..[.)


There were no monsters in sight!

Vanquished Creatures
  A giant gecko (D:1)
  A bat (D:1)
  4 goblins (D:1)
  3 hobgoblins (D:1)
  4 jackals (D:1)
  6 kobolds (D:1)
  4 rats (D:1)
23 creatures vanquished.

Notes
Turn   | Place    | Note
--------------------------------------------------------------
     0 | Abyss:1  | Ijustatesigmund the Demonspawn Abyssal Knight began the quest for the Orb.
     0 | Abyss:1  | Reached XP level 1. HP: 18/18 MP: 2/2
    22 | Abyss:1  | Found a corrupted altar of Lugonu.
    42 | Abyss:1  | Noticed a thrashing horror
    42 | D:1      | Escaped the Abyss
   154 | D:1      | Reached * piety under Lugonu
   183 | D:1      | Gained mutation: You are partially covered in molten scales (AC +1). [demonic ancestry]
   183 | D:1      | Reached XP level 2. HP: 24/24 MP: 4/4
   637 | D:1      | Gained mutation: You have a pair of small horns on your head. [demonic ancestry]
   637 | D:1      | Reached XP level 3. HP: 29/29 MP: 5/5
   698 | D:1      | Quit the game

Vault maps used:
D:1:      minmay_arrival_four_houses

Action                   || total
-------------------------++-------
Melee: Mace              ||    66
Invok: Depart the Abyss  ||     1
